Wild vs Canucks

Created - October-16-13 at 17:49

Goals
1 2 3 T
Wild 1 0 1 2
Canucks 1 3 0 4
Shots
1 2 3 T
Wild 7 12 8 27
Canucks 8 4 7 19

1st period

1. Wild , Patrik Berglund 3 (Milan Michalek, Brent Burns) at 12:35
2. Canucks , Mikko Koivu 1 (Nazem Kadri, Phil Kessel) at 15:35

Penalties :
Justin Braun (VAN) for Holding (Minor) at 2:44, Michael Stone (MIN) for Roughing (Minor) at 5:28, Clayton Stoner (MIN) for Cross-checking (Minor) at 6:07, Clayton Stoner (MIN) for Tripping (Minor) at 9:07, Dmitry Kulikov (VAN) for Holding (Minor) at 17:00

2nd period

3. Canucks , Phil Kessel 3 (Mikko Koivu, Nazem Kadri) at 1:12
4. Canucks , Lars Eller 3 (Joe Pavelski, Justin Braun) at 11:50
5. Canucks , Mikko Koivu 2 (Jakub Voracek, Alex Pietrangelo) at 17:29 (PP)

Penalties :
Dmitry Kulikov (VAN) for Tripping (Minor) at 7:08, Erik Cole (MIN) for Goalie Interference (Minor) at 15:40

3rd period

6. Wild , Brent Burns 3 (Michael Stone, Milan Michalek) at 18:26

Penalties :
Justin Braun (VAN) for Interference (Minor) at 10:11, Erik Karlsson (VAN) for Hooking (Minor) at 19:50

Goalie Stats

Viktor Fasth (MIN), 8 saves from 12 shots - (0.667), L, 1-6-0, 37:29 minutes
Niklas Backstrom (MIN), 7 saves from 7 shots - (1.000), 22:31 minutes
Henrik Lundqvist (VAN), 25 saves from 27 shots - (0.926), W, 5-4-0, 60:00 minutes

Players Stats for Wild

Player Name              G  A  P  +/- PIM S  H  SB GA TA FO     MP     PP MP  PK MP  
------------------------------------------------------------------------------------
Alexei Ponikarovsky      0  0  0   0  0   0  0  0  0  0  5/19   15:35   0:00   0:00 
Andrew Ebbett            0  0  0   0  0   0  0  0  0  0  1/6     3:00   0:00   3:00 
Anton Babchuk            0  0  0   2  0   0  0  1  0  0  0/0    16:31   0:00   1:45 
Blake Comeau             0  0  0   0  0   1  1  0  0  0  8/10   18:27   4:03   2:26 
Bobby Ryan               0  0  0   0  0   7  0  0  0  0  0/0    19:38   4:03   0:00 
Brent Burns              1  1  2  -1  0   2  2  1  0  0  1/3    20:55   4:02   1:42 
Clayton Stoner           0  0  0  -1  4   0  1  2  0  0  0/0    17:11   4:03   1:24 
Erik Cole                0  0  0   0  2   1  2  1  0  0  1/2    22:22   4:03   0:00 
Fedor Tyutin             0  0  0  -2  0   2  1  4  0  0  0/0    26:33   4:03   3:32 
Jay Pandolfo             0  0  0   0  0   0  1  0  0  0  1/3     3:26   0:00   3:26 
John-Michael Liles       0  0  0  -2  0   2  1  0  0  0  0/0    20:10   4:02   0:00 
Manny Malhotra           0  0  0   0  0   3  0  0  0  0  9/13   14:38   0:00   2:40 
Michael Stone            0  1  1   2  2   0  3  3  0  0  0/0    19:49   0:00   2:14 
Milan Hejduk             0  0  0   0  0   0  0  0  0  0  0/0    11:58   0:00   0:00 
Milan Michalek           0  2  2  -1  0   5  0  0  0  0  0/2    21:58   4:02   0:00 
Patrik Berglund          1  0  1  -1  0   2  0  1  0  0  9/26   21:58   4:02   0:00 
Ryan Whitney             0  0  0  -1  0   2  1  1  0  0  0/0    18:01   4:02   2:14 
Toby Petersen            0  0  0   0  0   0  0  0  0  0  0/0     0:00   0:00   0:00 

Players Stats for Canucks

Player Name              G  A  P  +/- PIM S  H  SB GA TA FO     MP     PP MP  PK MP  
------------------------------------------------------------------------------------
Alex Pietrangelo         0  1  1   1  0   1  0  4  0  0  0/0    24:36   3:17   3:34 
Claude Giroux            0  0  0   0  0   3  2  1  0  0  16/22  19:44   3:25   0:00 
Dmitry Kulikov           0  0  0   1  4   1  4  2  0  0  0/0    19:25   3:01   1:51 
Erik Karlsson            0  0  0  -1  2   1  1  0  0  0  0/0    19:17   3:25   0:00 
Jakub Voracek            0  1  1   0  0   1  0  0  0  0  1/2    16:53   3:01   0:00 
Joe Pavelski             0  1  1   0  0   0  0  0  0  0  11/21  18:20   0:00   5:22 
Jonas Brodin             0  0  0   1  0   0  0  0  0  0  0/0    15:45   0:00   3:54 
Justin Braun             0  1  1   1  4   0  0  0  0  0  0/0    13:09   0:00   1:20 
Kris Russell             0  0  0   0  0   0  1  0  0  0  0/0     6:34   3:01   0:23 
Lars Eller               1  0  1   0  0   2  0  0  0  0  1/2    17:41   0:08   4:35 
Matt Carle               0  0  0  -1  0   2  3  2  0  0  0/0    21:09   0:08   5:08 
Mikko Koivu              2  1  3   1  0   3  3  0  0  0  19/32  21:38   2:53   2:33 
Nazem Kadri              0  2  2   1  0   0  3  1  0  0  0/1    19:37   3:25   0:00 
Phil Kessel              1  1  2   1  0   3  0  0  0  0  1/1    19:37   3:25   0:00 
Ryan OReilly             0  0  0   0  0   0  0  0  0  0  0/1    16:25   0:00   2:33 
Scott Hartnell           0  0  0   0  0   2  1  0  0  0  0/2    15:59   3:01   0:00 
Tyler Seguin             0  0  0   0  0   0  0  0  0  0  0/0     2:27   0:00   0:00 
Valtteri Filppula        0  0  0   0  0   0  0  0  0  0  0/0     3:34   0:00   1:07 

3 Stars

1 - Mikko Koivu (VAN)
2 - Phil Kessel (VAN)
3 - Nazem Kadri (VAN)

Power Play

Wild - 0 on 5 Attempt(s) - 0.00%
Canucks - 1 on 4 Attempt(s) - 25.00%

Penalty Kill

Wild - 3 on 4 Attempt(s) - 75.00% - Score 0 goal in Penalty Kill
Canucks - 5 on 5 Attempt(s) - 100.00% - Score 0 goal in Penalty Kill

Official

Referees : Francis Charron and Stephen Walkom
Linesman : Derek Amell and Vaughan Rody

Game Notes

Niklas Backstrom enters game at 17:29 of 2nd period

Finance

Level 1 -- Attendance: 6067 (93.34%) -- Ticket Income $485,360
Level 2 -- Attendance: 4848 (96.96%) -- Ticket Income $315,120
Level 3 -- Attendance: 2956 (84.46%) -- Ticket Income $147,800
Level 4 -- Attendance: 2780 (97.20%) -- Ticket Income $69,500
Luxury Box -- Attendance: 823 (82.30%) -- Ticket Income $205,750
Game was played at the Rogers Arena
Total Attendance: 17474 (92.65%)
Total Ticket Income: $1,223,530
Other Income: $183,530
Total Income: $1,407,060


% Time on Ice - Wild

Lines # - Real PCT - Wanted PCT - Time Play
Normal Forward
1 - 33% - 35% - 15:11
2 - 34% - 35% - 15:35
3 - 26% - 15% - 11:58
4 - 6% - 15% - 2:45
Normal Defense
1 - 35% - 35% - 16:08
2 - 32% - 35% - 14:46
3 - 26% - 15% - 11:45
4 - 6% - 15% - 2:50
PP Forward
1 - 50% - 50% - 4:02
2 - 50% - 50% - 4:03
PP Defense
1 - 50% - 50% - 4:03
2 - 50% - 50% - 4:02
PK Forward
1 - 48% - 50% - 2:26
2 - 52% - 50% - 2:40
PK Defense
1 - 56% - 50% - 2:52
2 - 44% - 50% - 2:14
PK3 Forward
1 - 43% - 50% - 0:34
2 - 58% - 50% - 0:46
PK3 Defense
1 - 18% - 50% - 0:14
2 - 83% - 50% - 1:06
44 Forward
1 - 0% - 50%
2 - 0% - 50%
44 Defense
1 - 0% - 50%
2 - 0% - 50%
Last Minute Offensive  - 0:00
Last Minute Defensive  - 0:00
Total
Forward - 60:00
Defense - 60:00

% Time on Ice - Canucks

Lines # - Real PCT - Wanted PCT - Time Play
Normal Forward
1 - 36% - 35% - 16:12
2 - 30% - 30% - 13:52
3 - 29% - 26% - 12:58
4 - 5% - 9% - 2:27
Normal Defense
1 - 35% - 34% - 15:53
2 - 32% - 32% - 14:35
3 - 26% - 25% - 11:51
4 - 7% - 9% - 3:10
PP Forward
1 - 53% - 60% - 3:25
2 - 47% - 40% - 3:01
PP Defense
1 - 53% - 62% - 3:25
2 - 47% - 38% - 3:01
PK Forward
1 - 68% - 60% - 5:32
2 - 32% - 40% - 2:33
PK Defense
1 - 47% - 50% - 3:48
2 - 53% - 50% - 4:17
PK3 Forward
1 - 0% - 60%
2 - 0% - 40%
PK3 Defense
1 - 0% - 60%
2 - 0% - 40%
44 Forward
1 - 0% - 52%
2 - 0% - 48%
44 Defense
1 - 0% - 51%
2 - 0% - 49%
Last Minute Offensive  - 0:00
Last Minute Defensive  - 0:00
Total
Forward - 60:00
Defense - 60:00

Play by Play

1st period


0:01 of 1st period - Mikko Koivu wins face-off versus Brent Burns in neutral zone.
0:17 of 1st period - Icing by Erik Karlsson.
0:18 of 1st period - Alexei Ponikarovsky wins face-off versus Mikko Koivu in Canucks zone.
1:31 of 1st period - Clayton Stoner is hit by Claude Giroux and loses puck.
1:36 of 1st period - Shot by Claude Giroux.
1:36 of 1st period - Shot Blocked by Clayton Stoner.
1:38 of 1st period - Shot by Alex Pietrangelo.
1:38 of 1st period - Shot Blocked by Clayton Stoner.
2:32 of 1st period - Shot by Joe Pavelski.
2:32 of 1st period - Shot Hit the Post.
2:44 of 1st period - Minor Penalty to Justin Braun for Holding.
2:45 of 1st period - Blake Comeau wins face-off versus Lars Eller in Canucks zone.
3:11 of 1st period - Icing by Clayton Stoner.
3:12 of 1st period - Joe Pavelski wins face-off versus Blake Comeau in Wild zone.
4:01 of 1st period - Shot by Ryan Whitney.
4:01 of 1st period - Shot Blocked by Dmitry Kulikov.
4:03 of 1st period - Shot by Patrik Berglund.
4:03 of 1st period - Shot Misses the Net.
4:05 of 1st period - Shot by John-Michael Liles.
4:05 of 1st period - Stopped by Henrik Lundqvist without a rebound.
4:06 of 1st period - Joe Pavelski wins face-off versus Patrik Berglund in Canucks zone.
4:52 of 1st period - Shot by Claude Giroux.
4:52 of 1st period - Stopped by Viktor Fasth without a rebound.
4:53 of 1st period - Alexei Ponikarovsky wins face-off versus Mikko Koivu in Wild zone.
4:53 of 1st period - Alexei Ponikarovsky is hit by Mikko Koivu.
5:02 of 1st period - Bobby Ryan is hit by Matt Carle and loses puck.
5:05 of 1st period - Shot by Alexei Ponikarovsky.
5:05 of 1st period - Shot Blocked by Matt Carle.
5:07 of 1st period - Shot by Bobby Ryan.
5:07 of 1st period - Stopped by Henrik Lundqvist without a rebound.
5:08 of 1st period - Manny Malhotra wins face-off versus Claude Giroux in Canucks zone.
5:28 of 1st period - Minor Penalty to Michael Stone for Roughing.
5:29 of 1st period - Claude Giroux wins face-off versus Jay Pandolfo in Wild zone.
5:43 of 1st period - Phil Kessel is hit by Clayton Stoner and loses puck.
5:46 of 1st period - Shot by Erik Karlsson.
5:46 of 1st period - Stopped by Viktor Fasth with a rebound.
6:04 of 1st period - Shot by Alex Pietrangelo.
6:04 of 1st period - Shot Blocked by Fedor Tyutin.
6:07 of 1st period - Minor Penalty to Clayton Stoner for Cross-checking.
6:08 of 1st period - Mikko Koivu wins face-off versus Andrew Ebbett in Wild zone.
6:21 of 1st period - Shot by Jakub Voracek.
6:21 of 1st period - Deflect By Mikko Koivu.
6:21 of 1st period - Stopped by Viktor Fasth without a rebound.
6:22 of 1st period - Mikko Koivu wins face-off versus Andrew Ebbett in Wild zone.
6:27 of 1st period - Shot by Scott Hartnell.
6:27 of 1st period - Stopped by Viktor Fasth without a rebound.
6:28 of 1st period - Mikko Koivu wins face-off versus Jay Pandolfo in Wild zone.
6:39 of 1st period - Shot by Jakub Voracek.
6:39 of 1st period - Stopped by Viktor Fasth without a rebound.
6:40 of 1st period - Claude Giroux wins face-off versus Andrew Ebbett in Wild zone.
7:05 of 1st period - Shot by Erik Karlsson.
7:05 of 1st period - Shot Blocked by Anton Babchuk.
7:07 of 1st period - Shot by Erik Karlsson.
7:07 of 1st period - Shot Blocked by Brent Burns.
7:41 of 1st period - Shot by Mikko Koivu.
7:41 of 1st period - Shot Misses the Net.
7:55 of 1st period - Shot by Dmitry Kulikov.
7:55 of 1st period - Shot Blocked by Michael Stone.
7:57 of 1st period - Shot by Dmitry Kulikov.
7:57 of 1st period - Stopped by Viktor Fasth without a rebound.
7:58 of 1st period - Jay Pandolfo wins face-off versus Mikko Koivu in Wild zone.
8:07 of 1st period - Manny Malhotra is hit by Claude Giroux and loses puck.
8:12 of 1st period - Shot by Claude Giroux.
8:12 of 1st period - Shot Blocked by Fedor Tyutin.
8:29 of 1st period - Off-side.
8:30 of 1st period - Joe Pavelski wins face-off versus Milan Michalek in neutral zone.
9:02 of 1st period - Shot by Erik Karlsson.
9:02 of 1st period - Shot Misses the Net.
9:04 of 1st period - Shot by Lars Eller.
9:04 of 1st period - Shot Misses the Net.
9:06 of 1st period - Shot by Joe Pavelski.
9:06 of 1st period - Shot Misses the Net.
9:07 of 1st period - Minor Penalty to Clayton Stoner for Tripping.
9:08 of 1st period - Claude Giroux wins face-off versus Andrew Ebbett in Wild zone.
10:05 of 1st period - Mikko Koivu is hit by Jay Pandolfo and loses puck.
11:28 of 1st period - Shot by Bobby Ryan.
11:28 of 1st period - Shot Misses the Net.
12:27 of 1st period - Shot by Brent Burns.
12:27 of 1st period - Shot Misses the Net.
12:29 of 1st period - Shot by Patrik Berglund.
12:29 of 1st period - Shot Blocked by Matt Carle.
12:35 of 1st period - Shot by Patrik Berglund.
12:35 of 1st period - Goal by Patrik Berglund - Wild : 1 - Canucks : 0.
12:36 of 1st period - Manny Malhotra wins face-off versus Mikko Koivu in neutral zone.
12:55 of 1st period - Shot by Phil Kessel.
12:55 of 1st period - Stopped by Viktor Fasth without a rebound.
12:56 of 1st period - Claude Giroux wins face-off versus Patrik Berglund in Wild zone.
13:52 of 1st period - Icing by Michael Stone.
13:53 of 1st period - Phil Kessel wins face-off versus Alexei Ponikarovsky in Wild zone.
13:54 of 1st period - Shot by Nazem Kadri.
13:54 of 1st period - Shot Misses the Net.
14:12 of 1st period - Shot by Erik Cole.
14:12 of 1st period - Stopped by Henrik Lundqvist without a rebound.
14:13 of 1st period - Manny Malhotra wins face-off versus Joe Pavelski in Canucks zone.
15:11 of 1st period - Icing by Dmitry Kulikov.
15:12 of 1st period - Mikko Koivu wins face-off versus Patrik Berglund in Canucks zone.
15:33 of 1st period - Shot by Nazem Kadri.
15:33 of 1st period - Deflect By Mikko Koivu.
15:33 of 1st period - Shot Misses the Net.
15:35 of 1st period - Shot by Mikko Koivu.
15:35 of 1st period - Goal by Mikko Koivu - Wild : 1 - Canucks : 1.
15:36 of 1st period - Claude Giroux wins face-off versus Alexei Ponikarovsky in neutral zone.
16:59 of 1st period - Shot by John-Michael Liles.
16:59 of 1st period - Stopped by Henrik Lundqvist without a rebound.
17:00 of 1st period - Manny Malhotra wins face-off versus Mikko Koivu in Canucks zone.
17:00 of 1st period - Minor Penalty to Dmitry Kulikov for Holding.
17:01 of 1st period - Blake Comeau wins face-off versus Joe Pavelski in Canucks zone.
17:23 of 1st period - Off-side.
17:24 of 1st period - Patrik Berglund wins face-off versus Joe Pavelski in neutral zone.
17:51 of 1st period - Shot by Milan Michalek.
17:51 of 1st period - Stopped by Henrik Lundqvist with a rebound.
17:53 of 1st period - Shot by Ryan Whitney.
17:53 of 1st period - Stopped by Henrik Lundqvist without a rebound.
17:54 of 1st period - Blake Comeau wins face-off versus Joe Pavelski in Canucks zone.
18:50 of 1st period - Matt Carle is hit by Brent Burns and loses puck.
18:59 of 1st period - Shot by Ryan Whitney.
18:59 of 1st period - Shot Blocked by Alex Pietrangelo.

2nd period


0:01 of 2nd period - Mikko Koivu wins face-off versus Patrik Berglund in neutral zone.
0:03 of 2nd period - Off-side.
0:04 of 2nd period - Mikko Koivu wins face-off versus Brent Burns in neutral zone.
0:22 of 2nd period - Off-side.
0:23 of 2nd period - Claude Giroux wins face-off versus Erik Cole in neutral zone.
0:39 of 2nd period - Off-side.
0:40 of 2nd period - Patrik Berglund wins face-off versus Mikko Koivu in neutral zone.
1:04 of 2nd period - Shot by Phil Kessel.
1:04 of 2nd period - Shot Blocked by Fedor Tyutin.
1:12 of 2nd period - Shot by Phil Kessel.
1:12 of 2nd period - Goal by Phil Kessel - Wild : 1 - Canucks : 2.
1:13 of 2nd period - Claude Giroux wins face-off versus Alexei Ponikarovsky in neutral zone.
1:15 of 2nd period - Erik Karlsson is hit by Michael Stone and loses puck.
1:28 of 2nd period - Matt Carle is hit by Erik Cole and loses puck.
2:01 of 2nd period - Icing by Claude Giroux.
2:02 of 2nd period - Claude Giroux wins face-off versus Patrik Berglund in Canucks zone.
2:06 of 2nd period - Off-side.
2:07 of 2nd period - Mikko Koivu wins face-off versus Patrik Berglund in neutral zone.
2:14 of 2nd period - Shot by Nazem Kadri.
2:14 of 2nd period - Deflect By Phil Kessel.
2:14 of 2nd period - Shot Misses the Net.
2:36 of 2nd period - Icing by Mikko Koivu.
2:37 of 2nd period - Mikko Koivu wins face-off versus Alexei Ponikarovsky in Canucks zone.
2:46 of 2nd period - Clayton Stoner is hit by Nazem Kadri and loses puck.
2:55 of 2nd period - Shot by Mikko Koivu.
2:55 of 2nd period - Shot Misses the Net.
2:57 of 2nd period - Shot by Phil Kessel.
2:57 of 2nd period - Shot Misses the Net.
2:59 of 2nd period - Shot by Phil Kessel.
2:59 of 2nd period - Shot Misses the Net.
3:01 of 2nd period - Shot by Phil Kessel.
3:01 of 2nd period - Shot Misses the Net.
3:03 of 2nd period - Shot by Nazem Kadri.
3:03 of 2nd period - Shot Misses the Net.
3:30 of 2nd period - Icing by Lars Eller.
3:31 of 2nd period - Patrik Berglund wins face-off versus Joe Pavelski in Canucks zone.
3:42 of 2nd period - Icing by Erik Karlsson.
3:43 of 2nd period - Blake Comeau wins face-off versus Joe Pavelski in Canucks zone.
3:43 of 2nd period - Blake Comeau is hit by Erik Karlsson.
4:11 of 2nd period - Icing by Matt Carle.
4:12 of 2nd period - Patrik Berglund wins face-off versus Scott Hartnell in Canucks zone.
4:32 of 2nd period - Patrik Berglund is hit by Matt Carle and loses puck.
4:43 of 2nd period - Icing by Erik Karlsson.
4:44 of 2nd period - Joe Pavelski wins face-off versus Manny Malhotra in Canucks zone.
5:30 of 2nd period - Off-side.
5:31 of 2nd period - Claude Giroux wins face-off versus Patrik Berglund in neutral zone.
5:33 of 2nd period - Jonas Brodin is hit by Fedor Tyutin and loses puck.
5:50 of 2nd period - Shot by Patrik Berglund.
5:50 of 2nd period - Stopped by Henrik Lundqvist without a rebound.
5:51 of 2nd period - Mikko Koivu wins face-off versus Alexei Ponikarovsky in Canucks zone.
6:42 of 2nd period - Fedor Tyutin is hit by Mikko Koivu and loses puck.
6:52 of 2nd period - Fedor Tyutin is hit by Mikko Koivu and loses puck.
7:04 of 2nd period - Milan Michalek is hit by Dmitry Kulikov and loses puck.
7:08 of 2nd period - Minor Penalty to Dmitry Kulikov for Tripping.
7:09 of 2nd period - Blake Comeau wins face-off versus Joe Pavelski in Canucks zone.
7:32 of 2nd period - Joe Pavelski is hit by Blake Comeau and loses puck.
7:53 of 2nd period - Joe Pavelski is hit by Brent Burns.
8:07 of 2nd period - Shot by Ryan Whitney.
8:07 of 2nd period - Stopped by Henrik Lundqvist without a rebound.
8:08 of 2nd period - Joe Pavelski wins face-off versus Patrik Berglund in Canucks zone.
8:30 of 2nd period - Shot by John-Michael Liles.
8:30 of 2nd period - Shot Misses the Net.
9:07 of 2nd period - Shot by Fedor Tyutin.
9:07 of 2nd period - Stopped by Henrik Lundqvist without a rebound.
9:08 of 2nd period - Manny Malhotra wins face-off versus Claude Giroux in Canucks zone.
9:13 of 2nd period - Shot by Blake Comeau.
9:13 of 2nd period - Shot Misses the Net.
9:33 of 2nd period - Shot by Manny Malhotra.
9:33 of 2nd period - Stopped by Henrik Lundqvist without a rebound.
9:34 of 2nd period - Alexei Ponikarovsky wins face-off versus Mikko Koivu in Canucks zone.
9:39 of 2nd period - Shot by Bobby Ryan.
9:39 of 2nd period - Stopped by Henrik Lundqvist with a rebound.
9:41 of 2nd period - Shot by Erik Cole.
9:41 of 2nd period - Deflect By Bobby Ryan.
9:41 of 2nd period - Stopped by Henrik Lundqvist without a rebound.
9:42 of 2nd period - Mikko Koivu wins face-off versus Alexei Ponikarovsky in Canucks zone.
9:42 of 2nd period - Alex Pietrangelo is hit by Erik Cole.
10:00 of 2nd period - Shot by Bobby Ryan.
10:00 of 2nd period - Stopped by Henrik Lundqvist with a rebound.
10:02 of 2nd period - Shot by Alexei Ponikarovsky.
10:02 of 2nd period - Shot Blocked by Alex Pietrangelo.
10:21 of 2nd period - Shot by Michael Stone.
10:21 of 2nd period - Shot Blocked by Nazem Kadri.
11:04 of 2nd period - Shot by Brent Burns.
11:04 of 2nd period - Shot Misses the Net.
11:50 of 2nd period - Shot by Lars Eller.
11:50 of 2nd period - Goal by Lars Eller - Wild : 1 - Canucks : 3.
11:51 of 2nd period - Mikko Koivu wins face-off versus Alexei Ponikarovsky in neutral zone.
12:12 of 2nd period - Shot by Bobby Ryan.
12:12 of 2nd period - Deflect By Erik Cole.
12:12 of 2nd period - Shot Misses the Net.
12:14 of 2nd period - Shot by Bobby Ryan.
12:14 of 2nd period - Stopped by Henrik Lundqvist without a rebound.
12:15 of 2nd period - Manny Malhotra wins face-off versus Scott Hartnell in Canucks zone.
12:18 of 2nd period - Shot by Michael Stone.
12:18 of 2nd period - Shot Misses the Net.
12:20 of 2nd period - Shot by Blake Comeau.
12:20 of 2nd period - Stopped by Henrik Lundqvist without a rebound.
12:21 of 2nd period - Blake Comeau wins face-off versus Claude Giroux in Canucks zone.
12:21 of 2nd period - Anton Babchuk is hit by Matt Carle and loses puck.
12:34 of 2nd period - Shot by Manny Malhotra.
12:34 of 2nd period - Shot Misses the Net.
12:39 of 2nd period - Icing by Claude Giroux.
12:40 of 2nd period - Claude Giroux wins face-off versus Alexei Ponikarovsky in Canucks zone.
13:00 of 2nd period - Icing by Fedor Tyutin.
13:01 of 2nd period - Alexei Ponikarovsky wins face-off versus Mikko Koivu in Wild zone.
13:01 of 2nd period - Alexei Ponikarovsky is hit by Nazem Kadri.
13:44 of 2nd period - Off-side.
13:45 of 2nd period - Claude Giroux wins face-off versus Patrik Berglund in neutral zone.
13:54 of 2nd period - Icing by Michael Stone.
13:55 of 2nd period - Joe Pavelski wins face-off versus Milan Michalek in Wild zone.
14:17 of 2nd period - Shot by Patrik Berglund.
14:17 of 2nd period - Shot Misses the Net.
14:19 of 2nd period - Shot by Milan Michalek.
14:19 of 2nd period - Deflect By Brent Burns.
14:19 of 2nd period - Stopped by Henrik Lundqvist without a rebound.
14:20 of 2nd period - Mikko Koivu wins face-off versus Manny Malhotra in Canucks zone.
15:00 of 2nd period - Icing by Alex Pietrangelo.
15:01 of 2nd period - Patrik Berglund wins face-off versus Nazem Kadri in Canucks zone.
15:07 of 2nd period - Erik Cole is hit by Dmitry Kulikov and loses puck.
15:26 of 2nd period - Shot by Milan Michalek.
15:26 of 2nd period - Shot Misses the Net.
15:28 of 2nd period - Shot by Fedor Tyutin.
15:28 of 2nd period - Shot Blocked by Alex Pietrangelo.
15:37 of 2nd period - Shot by Milan Michalek.
15:37 of 2nd period - Stopped by Henrik Lundqvist without a rebound.
15:38 of 2nd period - Claude Giroux wins face-off versus Alexei Ponikarovsky in Canucks zone.
15:40 of 2nd period - Minor Penalty to Erik Cole for Goalie Interference.
15:41 of 2nd period - Andrew Ebbett wins face-off versus Jakub Voracek in Wild zone.
16:06 of 2nd period - Jakub Voracek is hit by Michael Stone.
16:30 of 2nd period - Claude Giroux is hit by Ryan Whitney and loses puck.
17:19 of 2nd period - Shot by Matt Carle.
17:19 of 2nd period - Stopped by Viktor Fasth without a rebound.
17:20 of 2nd period - Mikko Koivu wins face-off versus Andrew Ebbett in Wild zone.
17:25 of 2nd period - Shot by Erik Karlsson.
17:25 of 2nd period - Shot Misses the Net.
17:29 of 2nd period - Shot by Jakub Voracek.
17:29 of 2nd period - Deflect By Mikko Koivu.
17:29 of 2nd period - Goal by Mikko Koivu - Wild : 1 - Canucks : 4.
17:29 of 2nd period - Niklas Backstrom enters game.
17:30 of 2nd period - Patrik Berglund wins face-off versus Joe Pavelski in neutral zone.
17:49 of 2nd period - Shot by Fedor Tyutin.
17:49 of 2nd period - Stopped by Henrik Lundqvist without a rebound.
17:50 of 2nd period - Jakub Voracek wins face-off versus Alexei Ponikarovsky in Canucks zone.
17:52 of 2nd period - Icing by Erik Karlsson.
17:53 of 2nd period - Claude Giroux wins face-off versus Patrik Berglund in Canucks zone.
18:09 of 2nd period - Icing by Michael Stone.
18:10 of 2nd period - Joe Pavelski wins face-off versus Patrik Berglund in Wild zone.
19:32 of 2nd period - Icing by John-Michael Liles.
19:33 of 2nd period - Manny Malhotra wins face-off versus Mikko Koivu in Wild zone.
19:33 of 2nd period - John-Michael Liles is hit by Nazem Kadri and loses puck.
19:43 of 2nd period - John-Michael Liles is hit by Dmitry Kulikov and loses puck.

3rd period


0:01 of 3rd period - Patrik Berglund wins face-off versus Claude Giroux in neutral zone.
0:28 of 3rd period - Shot by Jakub Voracek.
0:28 of 3rd period - Shot Misses the Net.
2:36 of 3rd period - Shot by Blake Comeau.
2:36 of 3rd period - Shot Misses the Net.
4:13 of 3rd period - Icing by Matt Carle.
4:14 of 3rd period - Claude Giroux wins face-off versus Alexei Ponikarovsky in Canucks zone.
4:56 of 3rd period - Shot by Nazem Kadri.
4:56 of 3rd period - Shot Hit the Post.
4:58 of 3rd period - Shot by Mikko Koivu.
4:58 of 3rd period - Shot Misses the Net.
5:00 of 3rd period - Shot by Phil Kessel.
5:00 of 3rd period - Shot Blocked by Erik Cole.
5:04 of 3rd period - Shot by Phil Kessel.
5:04 of 3rd period - Shot Misses the Net.
5:06 of 3rd period - Shot by Dmitry Kulikov.
5:06 of 3rd period - Shot Misses the Net.
5:08 of 3rd period - Shot by Alex Pietrangelo.
5:08 of 3rd period - Stopped by Niklas Backstrom without a rebound.
5:09 of 3rd period - Joe Pavelski wins face-off versus Manny Malhotra in Wild zone.
6:13 of 3rd period - Off-side.
6:14 of 3rd period - Mikko Koivu wins face-off versus Alexei Ponikarovsky in neutral zone.
6:42 of 3rd period - Bobby Ryan is hit by Dmitry Kulikov and loses puck.
8:15 of 3rd period - Shot by Brent Burns.
8:15 of 3rd period - Shot Misses the Net.
8:17 of 3rd period - Shot by Patrik Berglund.
8:17 of 3rd period - Shot Misses the Net.
8:21 of 3rd period - Shot by Milan Michalek.
8:21 of 3rd period - Stopped by Henrik Lundqvist without a rebound.
8:22 of 3rd period - Manny Malhotra wins face-off versus Mikko Koivu in Canucks zone.
8:28 of 3rd period - Shot by Manny Malhotra.
8:28 of 3rd period - Stopped by Henrik Lundqvist without a rebound.
8:29 of 3rd period - Brent Burns wins face-off versus Mikko Koivu in Canucks zone.
8:30 of 3rd period - Shot by Milan Michalek.
8:30 of 3rd period - Stopped by Henrik Lundqvist without a rebound.
8:31 of 3rd period - Mikko Koivu wins face-off versus Patrik Berglund in Canucks zone.
8:54 of 3rd period - Shot by Patrik Berglund.
8:54 of 3rd period - Shot Misses the Net.
9:56 of 3rd period - Shot by Claude Giroux.
9:56 of 3rd period - Stopped by Niklas Backstrom without a rebound.
9:57 of 3rd period - Joe Pavelski wins face-off versus Blake Comeau in Wild zone.
10:00 of 3rd period - Shot by Joe Pavelski.
10:00 of 3rd period - Shot Blocked by Ryan Whitney.
10:02 of 3rd period - Shot by Jonas Brodin.
10:02 of 3rd period - Shot Misses the Net.
10:04 of 3rd period - Shot by Lars Eller.
10:04 of 3rd period - Stopped by Niklas Backstrom without a rebound.
10:05 of 3rd period - Alexei Ponikarovsky wins face-off versus Joe Pavelski in Wild zone.
10:11 of 3rd period - Minor Penalty to Justin Braun for Interference.
10:12 of 3rd period - Blake Comeau wins face-off versus Joe Pavelski in Canucks zone.
10:57 of 3rd period - Shot by Milan Michalek.
10:57 of 3rd period - Stopped by Henrik Lundqvist without a rebound.
10:58 of 3rd period - Mikko Koivu wins face-off versus Patrik Berglund in Canucks zone.
11:32 of 3rd period - Lars Eller is hit by John-Michael Liles and loses puck.
12:28 of 3rd period - Shot by Blake Comeau.
12:28 of 3rd period - Shot Misses the Net.
12:30 of 3rd period - Shot by Manny Malhotra.
12:30 of 3rd period - Stopped by Henrik Lundqvist without a rebound.
12:31 of 3rd period - Patrik Berglund wins face-off versus Mikko Koivu in Canucks zone.
12:42 of 3rd period - Shot by Patrik Berglund.
12:42 of 3rd period - Shot Blocked by Alex Pietrangelo.
12:54 of 3rd period - Shot by Phil Kessel.
12:54 of 3rd period - Shot Blocked by Michael Stone.
12:56 of 3rd period - Shot by Mikko Koivu.
12:56 of 3rd period - Shot Blocked by Patrik Berglund.
12:58 of 3rd period - Shot by Alex Pietrangelo.
12:58 of 3rd period - Shot Misses the Net.
13:26 of 3rd period - Off-side.
13:27 of 3rd period - Claude Giroux wins face-off versus Alexei Ponikarovsky in neutral zone.
13:40 of 3rd period - Shot by Claude Giroux.
13:40 of 3rd period - Shot Blocked by Fedor Tyutin.
13:59 of 3rd period - Icing by Fedor Tyutin.
14:00 of 3rd period - Lars Eller wins face-off versus Alexei Ponikarovsky in Wild zone.
14:36 of 3rd period - Shot by Scott Hartnell.
14:36 of 3rd period - Stopped by Niklas Backstrom with a rebound.
15:05 of 3rd period - Shot by Blake Comeau.
15:05 of 3rd period - Shot Misses the Net.
15:23 of 3rd period - Shot by Nazem Kadri.
15:23 of 3rd period - Deflect By Phil Kessel.
15:23 of 3rd period - Stopped by Niklas Backstrom without a rebound.
15:24 of 3rd period - Claude Giroux wins face-off versus Patrik Berglund in Wild zone.
15:24 of 3rd period - Erik Karlsson is hit by Michael Stone.
15:52 of 3rd period - Shot by Claude Giroux.
15:52 of 3rd period - Shot Blocked by Michael Stone.
15:54 of 3rd period - Shot by Erik Karlsson.
15:54 of 3rd period - Shot Misses the Net.
15:56 of 3rd period - Shot by Erik Karlsson.
15:56 of 3rd period - Shot Misses the Net.
15:58 of 3rd period - Shot by Matt Carle.
15:58 of 3rd period - Stopped by Niklas Backstrom without a rebound.
15:59 of 3rd period - Mikko Koivu wins face-off versus Manny Malhotra in Wild zone.
16:08 of 3rd period - Shot by Phil Kessel.
16:08 of 3rd period - Shot Misses the Net.
17:19 of 3rd period - Shot by Matt Carle.
17:19 of 3rd period - Shot Misses the Net.
17:21 of 3rd period - Shot by Claude Giroux.
17:21 of 3rd period - Stopped by Niklas Backstrom without a rebound.
17:22 of 3rd period - Joe Pavelski wins face-off versus Patrik Berglund in Wild zone.
17:46 of 3rd period - Icing by Patrik Berglund.
17:47 of 3rd period - Patrik Berglund wins face-off versus Claude Giroux in Wild zone.
17:54 of 3rd period - Icing by Claude Giroux.
17:55 of 3rd period - Erik Cole wins face-off versus Claude Giroux in Canucks zone.
18:00 of 3rd period - Shot by Bobby Ryan.
18:00 of 3rd period - Deflect By Erik Cole.
18:00 of 3rd period - Shot Blocked by Claude Giroux.
18:02 of 3rd period - Shot by Fedor Tyutin.
18:02 of 3rd period - Shot Misses the Net.
18:16 of 3rd period - Shot by Bobby Ryan.
18:16 of 3rd period - Stopped by Henrik Lundqvist without a rebound.
18:17 of 3rd period - Mikko Koivu wins face-off versus Patrik Berglund in Canucks zone.
18:26 of 3rd period - Shot by Brent Burns.
18:26 of 3rd period - Goal by Brent Burns - Wild : 2 - Canucks : 4.
18:27 of 3rd period - Joe Pavelski wins face-off versus Patrik Berglund in neutral zone.
18:39 of 3rd period - Fedor Tyutin is hit by Scott Hartnell and loses puck.
19:31 of 3rd period - Erik Cole is hit by Kris Russell.
19:37 of 3rd period - Shot by Alexei Ponikarovsky.
19:37 of 3rd period - Shot Misses the Net.
19:45 of 3rd period - Shot by Bobby Ryan.
19:45 of 3rd period - Stopped by Henrik Lundqvist without a rebound.
19:46 of 3rd period - Manny Malhotra wins face-off versus Ryan OReilly in Canucks zone.
19:50 of 3rd period - Minor Penalty to Erik Karlsson for Hooking.
19:51 of 3rd period - Blake Comeau wins face-off versus Mikko Koivu in Canucks zone.
19:56 of 3rd period - Shot by Bobby Ryan.
19:56 of 3rd period - Shot Misses the Net.
19:58 of 3rd period - Shot by Fedor Tyutin.
19:58 of 3rd period - Shot Blocked by Dmitry Kulikov.


Output by the SimonT Hockey Simulator (STHS) for Stephane Roy -- Original Page W3C XHTML 1.0 Valid
Hockey Simulator - Hockey Simulation - Hockey Manager